 Dungeon Crawl Stone Soup version 0.24.0-13-gcf9b319 (webtiles) character file.

Game seed: 4506924286044183597, levelgen mode: deterministic

16692 shmeve the Blocker (level 12, 0/165 HPs)
             Began as a Minotaur Berserker on Apr 10, 2020.
             Was a High Priest of Trog.
             Slain by a large slime creature (26 damage)
             ... on level 12 of the Dungeon.
             The game lasted 00:22:09 (10810 turns).

shmeve the Blocker (Minotaur Berserker)            Turns: 10810, Time: 00:22:09

Health: 0/165      AC: 17    Str: 31    XL:     12   Next: 12%
Magic:  11/11      EV: 12    Int:  9    God:    Trog [*****.]
Gold:   403        SH:  6    Dex: 11    Spells: 11/11 levels left

rFire    . . .     SeeInvis .   G - +0 war axe (venom)
rCold    . . .     Gourm    +   m - +0 buckler
rNeg     . . .     Faith    .   N - +2 chain mail {MR+}
rPois    .         Spirit   .   (helmet restricted)
rElec    .         Reflect  .   L - +2 cloak
rCorr    +         Harm     .   (no gloves)
MR       +....                  E - +0 pair of boots
Stlth    ..........             d - amulet of the gourmand
HPRegen  0.37/turn              x - +5 ring of intelligence
MPRegen  0.12/turn              k - ring of resist corrosion

@: berserking, very quick
A: retaliatory headbutt, horns 2
a: Berserk, Trog's Hand, Brothers in Arms, Renounce Religion


You were on level 12 of the Dungeon.
You worshipped Trog.
Trog was extremely pleased with you.
You were very full.

You visited 2 branches of the dungeon, and saw 13 of its levels.
You also visited: Ossuary and Bailey.

You collected 682 gold pieces.
You spent 279 gold pieces at shops.

Inventory:

Hand Weapons
 G - a +0 war axe of venom (weapon)
Missiles
 o - 5 boomerangs (quivered)
 s - 3 throwing nets
 D - 7 javelins
Armour
 m - a +0 buckler (worn)
 E - a +0 pair of boots (worn)
 L - a +2 cloak (worn)
 N - a +2 chain mail of magic resistance (worn)
Jewellery
 d - an amulet of the gourmand (around neck)
 k - a ring of resist corrosion (right hand)
 x - a +5 ring of intelligence (left hand)
Wands
 l - a wand of enslavement (3)
 I - a wand of iceblast (13)
 J - a wand of disintegration (19)
 O - a wand of polymorph (7)
Scrolls
 a - 4 scrolls of identify
 b - 3 scrolls of amnesia {unknown}
 f - 11 scrolls of teleportation
 g - 2 scrolls of fog {unknown}
 h - 4 scrolls of magic mapping
 i - 7 scrolls of remove curse
 u - 2 scrolls of random uselessness {unknown}
 y - a scroll of enchant armour {unknown}
 C - 2 scrolls of enchant weapon {unknown}
 F - a scroll of blinking {unknown}
 K - a scroll of immolation {unknown}
Potions
 e - 4 potions of curing {unknown}
 j - 3 potions of lignification {unknown}
 n - 5 potions of mutation {unknown}
 p - 3 potions of berserk rage {unknown}
 q - 5 potions of haste {unknown}
 r - 6 potions of heal wounds {unknown}
 t - a potion of ambrosia {unknown}
 v - 3 potions of brilliance {unknown}
 w - 2 potions of magic {unknown}
 z - a potion of resistance {unknown}
 A - 3 potions of flight {unknown}
 B - 2 potions of degeneration {unknown}
 M - 2 potions of might {unknown}
Comestibles
 c - 22 rations
 H - 5 chunks of flesh


   Skills:
 * Level 11.5 Fighting
 * Level 11.5 Axes
 + Level 6.4 Throwing
 + Level 8.2 Armour
 + Level 7.4 Dodging
 * Level 11.8 Shields


You had 11 spell levels left.
You didn't know any spells.
Your spell library was empty.

Dungeon Overview and Level Annotations

Branches:
Dungeon (12/15)              Lair (1/6) D:10            Orc (0/2) D:10
Ossuary (visited)          Bailey (visited)
 Temple: D:4-7

Altars:
Dithmenos
Elyvilon
Fedhas
Hepliaklqana
Kikubaaqudgha
Okawaru
Ru
Wu Jian
Xom
The Shining One

Shops:
D:10 ([   D:11 :


Innate Abilities, Weirdness & Mutations

You reflexively headbutt those who attack you in melee.
You have a pair of horns on your head.


Message History

The large slime creature is severely wounded.
You hit the slime creature. The slime creature hits you!
The large slime creature hits you but does no damage.
Unknown command.
You slash the large slime creature!
The large slime creature is severely wounded.
You hit the slime creature.
The slime creature hits you but does no damage.
The large slime creature hits you!!
* * * LOW HITPOINT WARNING * * *
Your chain mail prevents you from hitting the large slime creature.
The large slime creature is severely wounded.
You hit the slime creature. The slime creature hits you!
* * * LOW HITPOINT WARNING * * *
The large slime creature barely misses you.
A red film seems to cover your vision as you go berserk!
You feel yourself moving faster!
You feel mighty! The slime creature hits you!
* * * LOW HITPOINT WARNING * * *
The large slime creature hits you!!
You die...

###..........#
.............#
.............#
#########.....#
#.......'.....#
#..(....#.....#
#.......#..#..#
#.......#..#..#
#@#######.....#
.......JJ...........#
..$..##........####.
.#.. #........ .# ...
......... ##
#########


You could see a large slime creature and a slime creature.

Vanquished Creatures
  Josephine (D:10)
  Harold (D:8)
  2 hydras
  3 two-headed ogres
  A manticore (D:11)
  Joseph (D:7)
  A spiny frog (Lair:1)
  The ghost of txstrosman the Archer, a novice CeHu (D:4)
  2 gargoyles (D:11)
  2 komodo dragons
  2 trolls
  A hornet (D:7)
  A queen bee (D:9)
  A hippogriff (D:11)
  5 wraiths (D:10)
  A tarantella (shapeshifter) (D:10)
  4 wyverns
  4 yaks (D:11)
  Grum (D:8)
  Eustachio (D:4)
  2 hungry ghosts
  A porcupine (Lair:1)
  6 orc warriors
  A black bear (D:7)
  3 ogres
  4 wolves (D:8)
  A sky beast (D:10)
  A phantom (D:4)
  An ice beast (D:11)
  The ghost of Whoops the Chopper, an amateur DsFi (D:3)
  7 centaurs (D:11)
  6 bullfrogs
  A big kobold (D:7)
  A gnoll sergeant (D:5)
  A wyvern zombie (Ossuary)
  2 scorpions (D:7)
  A water moccasin skeleton (D:9)
  15 killer bees (D:9)
  3 wights (D:11)
  2 howler monkeys
  3 crimson imps
  A quasit (D:7)
  2 centaur zombies (Ossuary)
  2 bullfrog zombies (Ossuary)
  6 hounds
  2 centaur skeletons
  4 jellies
  3 orc priests
  15 orc wizards
  9 mummies (Ossuary)
  3 iguanas
  6 worker ants
  3 hound zombies (Ossuary)
  A hound skeleton (D:4)
  2 howler monkey zombies (Ossuary)
  3 worker ant zombies
  Robin (D:4)
  8 gnolls
  8 adders
  2 shadow imps
  An ooze (D:1)
  3 worms
  2 adder skeletons
  3 dart slugs
  2 leopard geckos
  51 orcs
  A ball python (D:2)
  4 giant cockroaches
  21 goblins
  8 hobgoblins
  16 jackals
  14 kobolds
  5 quokkas
  A ball python skeleton (D:4)
  9 bats
  6 frilled lizards
  A giant cockroach zombie (Ossuary)
  A jackal zombie (Ossuary)
  3 quokka zombies
  4 rats
336 creatures vanquished.

Vanquished Creatures (others)
  4 toadstools (D:1)
4 creatures vanquished.

Grand Total: 340 creatures vanquished

Notes
Turn   | Place    | Note
-------+----------+-------------------------------------------
     0 | D:1      | shmeve the Minotaur Berserker began the quest for the Orb.
     0 | D:1      | Reached XP level 1. HP: 19/19 MP: 0/0
   211 | D:1      | Reached XP level 2. HP: 21/27 MP: 1/1
   724 | D:1      | Reached ** piety under Trog
   724 | D:1      | Reached XP level 3. HP: 27/33 MP: 2/2
  1208 | D:2      | Reached skill level 1 in Throwing
  1524 | D:2      | Reached skill level 1 in Shields
  1528 | D:2      | Reached XP level 4. HP: 27/40 MP: 3/3
  2307 | D:3      | Reached XP level 5. HP: 35/46 MP: 4/4
  2415 | D:3      | Reached *** piety under Trog
  2466 | D:3      | Found a runed translucent door.
  2506 | D:3      | Noticed Whoops's ghost (amateur DsFi)
  2519 | D:3      | Killed Whoops's ghost
  2519 | D:3      | Reached skill level 5 in Shields
  2552 | D:3      | Reached XP level 6. HP: 49/53 MP: 5/5
  2887 | D:4      | Found a blossoming altar of Fedhas.
  2947 | D:4      | Found a white marble altar of Elyvilon.
  3051 | D:4      | Found an iron altar of Okawaru.
  3051 | D:4      | Found a hazy altar of Hepliaklqana.
  3067 | D:4      | Found a shimmering altar of Xom.
  3068 | D:4      | Found an ornate altar of the Wu Jian Council.
  3069 | D:4      | Noticed Eustachio
  3074 | D:4      | Killed Eustachio
  3074 | D:4      | Reached skill level 5 in Fighting
  3074 | D:4      | Reached skill level 5 in Axes
  3074 | D:4      | Reached XP level 7. HP: 61/61 MP: 6/6
  3141 | D:4      | Found a sand-covered staircase.
  3147 | Ossuary  | Entered an ossuary
  3164 | Ossuary  | Reached **** piety under Trog
  3392 | Ossuary  | Reached XP level 8. HP: 65/70 MP: 7/7
  3692 | D:4      | Found a transporter.
  3692 | D:4      | Found a transporter.
  3692 | D:4      | Noticed txstrosman's ghost (novice CeHu)
  3715 | D:4      | Killed txstrosman's ghost
  3778 | D:4      | Noticed Robin
  3794 | D:4      | Killed Robin
  3990 | D:5      | Entered Level 5 of the Dungeon
  4079 | D:5      | Received a gift from Trog
  4128 | D:5      | Found a glowing golden altar of the Shining One.
  4257 | D:5      | Reached ***** piety under Trog
  4426 | D:5      | Reached XP level 9. HP: 79/79 MP: 8/8
  4644 | D:5      | Found a shadowy altar of Dithmenos.
  4645 | D:5      | Found an ancient bone altar of Kikubaaqudgha.
  4783 | D:6      | Reached skill level 5 in Armour
  4826 | D:6      | You fall into a shaft and drop 1 floor!
  4983 | D:7      | Received a gift from Trog
  5083 | D:7      | Found a sacrificial altar of Ru.
  5172 | D:7      | Noticed Joseph
  5187 | D:7      | Killed Joseph
  5187 | D:7      | Reached skill level 5 in Dodging
  5300 | D:7      | Found a glowing golden altar of the Shining One.
  5396 | D:8      | Noticed Harold
  5416 | D:8      | Killed Harold
  5416 | D:8      | Reached XP level 10. HP: 58/90 MP: 9/9
  5709 | D:8      | Noticed Grum
  5721 | D:8      | Killed Grum
  6270 | D:8      | Noticed a two-headed ogre
  6277 | D:8      | Killed a two-headed ogre
  6484 | D:9      | Reached skill level 10 in Shields
  6774 | D:9      | Noticed an eight-headed hydra
  6781 | D:9      | Noticed a two-headed ogre
  6784 | D:9      | Killed a 13-headed hydra
  6784 | D:9      | Reached skill level 5 in Throwing
  6800 | D:9      | Killed a two-headed ogre
  6800 | D:9      | Reached skill level 10 in Fighting
  6800 | D:9      | Reached skill level 10 in Axes
  7077 | D:9      | Reached XP level 11. HP: 99/99 MP: 10/10
  7084 | D:9      | Found a sacrificial altar of Ru.
  7427 | D:10     | Entered Level 10 of the Dungeon
  7702 | D:10     | Found Uginil's Weapon Shop.
  7702 | D:10     | Found a staircase to the Orcish Mines.
  7713 | D:10     | Found Aruxig's Armour Shop.
  7791 | D:10     | Bought a +2 chain mail of magic resistance for 279 gold
                  | pieces
  7823 | D:10     | Noticed Josephine
  7838 | D:10     | Killed Josephine
  8390 | D:10     | Found a staircase to the Lair.
  8675 | Lair:1   | Entered Level 1 of the Lair of Beasts
  9433 | D:11     | Received a gift from Trog
  9445 | D:11     | Found a flagged portal.
  9456 | Bailey   | Entered a bailey
  9569 | D:11     | Noticed a two-headed ogre
  9578 | D:11     | Killed a two-headed ogre
  9986 | D:11     | Got a bronze scale mail
  9987 | D:11     | Identified the cursed +1 scale mail "Nettelua" {Regen+
                  | Int+4} (You found it on level 11 of the Dungeon)
 10252 | D:11     | Found Itiw's Book Boutique.
 10431 | D:12     | Reached XP level 12. HP: 85/110 MP: 11/11
 10436 | D:12     | Noticed a seven-headed hydra
 10450 | D:12     | Killed a 14-headed hydra
 10453 | D:12     | Found a shimmering altar of Xom.
 10810 | D:12     | Slain by a large slime creature

Levels and vault maps discovered:
D:1:      ldierk_walled_garden_2, layout_basic, minmay_misc_feat_chi,
          minmay_close_crescents
D:2:      layout_rooms
D:3:      layout_basic, first_ration, ebering_ghost_reflecting_pool,
          grunt_decor_cap
D:4:      layout_loops_ring, grunt_temple_overflow_open, gammafunk_ghost_arena,
          nicolae_ossuary_entry_plus, elyvilon_altar_1, uniq_eustachio,
          uniq_robin
D:5:      layout_loops_ring, gammafunk_temple_overflow_statue, basic_altar
D:6:      layout_rooms, minmay_temple_entry_waves, uniq_blork_the_orc,
          uniq_grinder, uniq_sigmund
D:7:      layout_rooms, marbit_many_paths, basic_altar, uniq_joseph
D:8:      layout_loops_ring, uniq_grum, uniq_harold
D:9:      layout_small_grid, david_nohive_1, nicolae_ru_the_path_less_chosen
D:10:     layout_long_grid, lair_entry_dummy, orc_david_3, uniq_josephine
D:11:     layout_long_grid, enter_bailey_3, serial_shops,
          nicolae_shop_temple_entry_statues_fountains
D:12:     layout_stronghold, hangedman_abyss_or_decor_stabs, xom_shifter_show
Lair:1:   layout_misc_corridors, basic_altar

Skill      XL: |  1  2  3  4  5  6  7  8  9 10 11 |
---------------+----------------------------------+-----
Fighting       | 4 5 7 8 10 11 | 11.5
Axes           | 4 5 7 8 10 11 | 11.5
Throwing       | 1 2 3 4 5 6 |  6.4
Shields        | 1 3 5 6 7 9 10 11 | 11.8
Armour         | 3 4 6 7 8 |  8.2
Dodging        | 3 4 5 6 7 |  7.4

Action                   |  1- 3 |  4- 6 |  7- 9 | 10-12 || total
-------------------------+-------+-------+-------+-------++-------
Melee: Hand axe          |    83 |    96 |   329 |       ||   508
       Headbutt          |    16 |    20 |    64 |    65 ||   165
       War axe           |       |       |       |   290 ||   290
Throw: Boomerang         |     5 |    11 |    39 |    97 ||   152
Invok: Berserk           |       |     2 |     6 |     9 ||    17
       Trog's Hand       |       |       |     2 |     4 ||     6
  Use: Scroll            |       |     3 |     5 |     2 ||    10
 Stab: Sleeping          |     3 |     1 |       |       ||     4
       Distracted        |       |       |     1 |       ||     1
  Eat: Chunk             |     2 |     6 |    14 |    45 ||    67
       Ration            |       |       |       |     1 ||     1
Armor: Animal skin       |    19 |     9 |       |       ||    28
       Chain mail        |       |    32 |    82 |   109 ||   223
       Plate armour      |       |       |    38 |    93 ||   131
Dodge: Dodged            |    73 |    43 |    90 |   181 ||   387
Block: Buckler           |       |    12 |    88 |   113 ||   213
